 Dungeon Crawl Stone Soup version 0.28.0-53-g5a82cb258f (webtiles) character file.

Game seed: 18103718953342182843

27 Zeld the Ruffian (level 2, -1/24 HPs)
             Began as a Draconian Transmuter on June 3, 2022.
             Slain by a bullfrog zombie (4 damage)
             ... on level 4 of the Dungeon.
             The game lasted 00:00:56 (517 turns).

Zeld the Ruffian (Draconian Transmuter)              Turns: 517, Time: 00:00:57

Health: -1/24      AC:  4    Str: 12    XL:     2   Next: 93%
Magic:  5/5        EV: 12    Int: 13    God:
Gold:   30         SH:  0    Dex: 11    Spells: 2/5 levels left

rFire   . . .      SeeInvis .     - Unarmed
rCold   . . .      Faith    .   (no shield)
rNeg    . . .      Spirit   .   (armour unavailable)
rPois   .          Reflect  .   (helmet currently unavailable)
rElec   .          Harm     .   (no cloak)
rCorr   .          Rampage  .   (no gloves)
Will    .....                   (boots currently unavailable)
Stlth   +.........              (no amulet)
HPRegen 0.08/turn               (no ring)
MPRegen 0.09/turn               (no ring)

@: appendages (expiring)
A: horns 2, talons 2, AC +4, unfitting armour, cold-blooded
a: End Transformation


You were on level 4 of the Dungeon.
You had temporarily grown beastly horns and talons.
You visited 1 branch of the dungeon, and saw 4 of its levels.

You collected 30 gold pieces.

Inventory:

Scrolls
 a - 2 scrolls of teleportation {unknown}


   Skills:
 * Level 1.8 Fighting
 - Level 1.7 Dodging
 - Level 3.0 Unarmed Combat
 + Level 2.1 Spellcasting
 + Level 2.2 Transmutations
 * Level 1.1 Ice Magic
 * Level 1.1 Poison Magic


You had 2 spell levels left.
You knew the following spells:

 Your Spells              Type           Power      Damage    Failure   Level
a - Beastly Appendage     Tmut           14%        N/A       10%         1
b - Wereblood             Tmut           7%         N/A       16%         2

Your spell library contained the following spells:

 Spells                   Type           Power      Damage    Failure   Level
 Spider Form              Tmut/Pois      5%         N/A       36%         3
 Ice Form                 Ice/Tmut       5%         N/A       77%         4


Dungeon Overview and Level Annotations

Branches:
Dungeon (4/15)
 Temple: D:4-7

Altars:
Qazlal


Innate Abilities, Weirdness & Mutations

You have temporarily grown beastly horns and talons.
Your plain brown scales are hard. (AC +4)
You cannot fit into any form of body armour.
You are cold-blooded and may be slowed by cold attacks.


Message History

You closely miss the adder. Your kick misses the adder.
The adder is severely wounded.
The jackal bites you but does no damage.
The adder misses you. The adder closely misses you. The jackal misses you.
Unknown command.
You hit the adder. You headbutt the adder.
You kill the adder!
The jackal completely misses you.
Your Ice Magic skill increases to level 1!
Your Poison Magic skill increases to level 1!
Unknown command.
You hit the jackal. Your kick misses the jackal. You headbutt the jackal.
You kill the jackal!
The jackal barely misses you.
You hit the jackal.
The jackal is moderately wounded.
The jackal closely misses you. x2; The jackal bites you.
* * * LOW HITPOINT WARNING * * *
Unknown command.
You barely miss the jackal. Your kick misses the jackal.
You tail-slap the jackal.
The jackal is heavily wounded.
The jackal misses you. The jackal closely misses you.
Unknown command.
You hit the jackal.
You kill the jackal!
The jackal closely misses you. x2
Unknown command.
Unknown command.
You hit the bullfrog zombie. Your kick misses the bullfrog zombie.
The bullfrog zombie is lightly damaged.
The bullfrog zombie hits you.
* * * LOW HITPOINT WARNING * * *
The jackal bites you but does no damage.
The bullfrog zombie hits you but does no damage.
Unknown command.
You barely miss the bullfrog zombie. Your kick misses the bullfrog zombie.
The bullfrog zombie is lightly damaged.
The jackal closely misses you. The bullfrog zombie hits you.
You die...

#....... #####
...#..# ...#
........ ###.###
.....##..#§...○#
...# #...#.....###
..#####....._...h#
.J..#....#.....#l#
##.h....##...h°#h#
##h...#..###h###@#
##h.####..hhZ..#Z#
##.###..l..l..Z..#
#.#....J......###
#............!#
....##..#......#
....#####.##...#
.#... #.###.##
.#...# #.# ##


You could see an iguana, a bullfrog zombie and 2 jackals.

Vanquished Creatures
  An adder (D:4)
  A dart slug (D:1)
  A ball python (D:2)
  2 bats (D:1)
  2 giant cockroaches (D:1)
  5 jackals
  A kobold (D:1)
  A rat (D:1)
14 creatures vanquished.

Vanquished Creatures (others)
  A kobold (D:1)
1 creature vanquished.

Grand Total: 15 creatures vanquished

Notes
Turn   | Place    | Note
-------+----------+-------------------------------------------
     0 | D:1      | Zeld the Draconian Transmuter began the quest for the Orb.
     0 | D:1      | Reached XP level 1. HP: 16/16 MP: 3/3
   211 | D:1      | Reached XP level 2. HP: 16/23 MP: 5/5
   235 | D:1      | Learned a level 2 spell: Wereblood
   464 | D:2      | You fall into a shaft and drop 1 floor!
   498 | D:4      | Found a stormy altar of Qazlal.
   512 | D:4      | Reached skill level 1 in Ice Magic
   512 | D:4      | Reached skill level 1 in Poison Magic
   517 | D:4      | Slain by a bullfrog zombie

Illustrated notes

Levels and vault maps discovered:
D:1:      nzn_arrival_depleted_hourglass, layout_rooms,
          hellmonk_ecumenical_altar_arch_garden, minmay_tromino_v2
D:2:      layout_loops_ring, st_stairs_13, minmay_crystal_room
D:3:      layout_rooms, minmay_misc_feat_columns, uniq_terence
D:4:      layout_cave_pools, grunt_qazlal_clouds, minmay_temple_entry_trees,
          minmay_misc_feat_five, uniq_blork_the_orc, uniq_edmund

Skill      XL: |  1  2 |
---------------+-------+-----
Ice Magic      | 1 |  1.1
Poison Magic   | 1 |  1.1
Fighting       | |  1.8
Dodging        | |  1.7
Unarmed Combat | |  3.0
Spellcasting   | |  2.1
Transmutations | |  2.2

Action                   || total
-------------------------++-------
Melee: Unarmed           ||    47
       Kick              ||     8
       Headbutt          ||     4
       Punch             ||     1
       Tailslap          ||     2
 Cast: Beastly Appendage ||     8
 Stab: Sleeping          ||     1
Armor: Skin              ||    42
Dodge: Dodged            ||    77
